TOP OF THE 1ST |
Williamsport Crosscutters batting - Pitching for Rome Braves : LHP Jake Warwick
|
Pitching: LHP Jake Warwick
|
|
Batting: RHB Jason Ostrom
|
0-0: Ball 1-0: Called Strike 1-1: Foul Ball, location: 2F 1-2: Foul Ball, location: 2F 1-2: Ground out 5-3 (Groundball, 56, EV 85.6 MPH)
|
Batting: RHB Xavier Castellanos
|
0-0: Ball 1-0: Called Strike 1-1: Swinging Strike 1-2: Strikes out looking
|
Batting: RHB John Manocchio
|
0-0: Ball 1-0: Ball 2-0: Called Strike 2-1: Foul Ball, location: 2F 2-2: Ball 3-2: Foul Ball, location: 2F 3-2: Strikes out looking
|
Top of the 1st over - 0 runs, 0 hits, 0 errors, 0 left on base; Williamsport 0 - Rome 0 |
BOTTOM OF THE 1ST |
Rome Braves batting - Pitching for Williamsport Crosscutters : RHP Carlos Palacios
|
Pitching: RHP Carlos Palacios
|
|
Batting: RHB Costantino Dolfini
|
0-0: Called Strike 0-1: Ball 1-1: Fly out, F7 (Flyball, 78M, EV 89.4 MPH)
|
Batting: RHB Tony Cabrera
|
0-0: Called Strike 0-1: Called Strike 0-2: Ball 1-2: Foul Ball, location: 2F 1-2: Foul Ball, location: 2F 1-2: Ground out 5-3 (Groundball, 56, EV 78.8 MPH)
|
Batting: LHB Ricardo Sandoval
|
0-0: Ground out 4-3 (Groundball, 4, EV 91.2 MPH)
|
Bottom of the 1st over - 0 runs, 0 hits, 0 errors, 0 left on base; Williamsport 0 - Rome 0 |
TOP OF THE 2ND |
Williamsport Crosscutters batting - Pitching for Rome Braves : LHP Jake Warwick
|
Batting: RHB Shintaro Katsumata
|
0-0: Ball 1-0: Ball 2-0: Called Strike 2-1: Swinging Strike 2-2: Strikes out looking
|
Batting: RHB Pete Deschamps
|
0-0: Ball 1-0: Called Strike 1-1: Ground out 4-3 (Groundball, 4D, EV 98.8 MPH)
|
Batting: LHB Chris Moody
|
0-0: Called Strike 0-1: Ball 1-1: Fly out, F8 (Flyball, 8RM, EV 87.5 MPH)
|
Top of the 2nd over - 0 runs, 0 hits, 0 errors, 0 left on base; Williamsport 0 - Rome 0 |
BOTTOM OF THE 2ND |
Rome Braves batting - Pitching for Williamsport Crosscutters : RHP Carlos Palacios
|
Batting: LHB Tamaichi Sasada
|
0-0: Ball 1-0: Ball 2-0: Called Strike 2-1: Ball 3-1: Ground out 5-3 (Groundball, 6, EV 88.8 MPH)
|
Batting: RHB Manny Hensley
|
0-0: Fly out, F7 (Line Drive, 7, EV 90.6 MPH)
|
Batting: RHB Dave Pizarro
|
0-0: Ball 1-0: Ball 2-0: Called Strike 2-1: Ball 3-1: SINGLE (Groundball, 56D, EV 95.0 MPH)
|
Batting: RHB Yutaka Yamane
|
0-0: Called Strike Dave Pizarro steals 2nd base (no throw) 0-1: Foul Ball, location: 2F 0-2: Strikes out looking
|
Bottom of the 2nd over - 0 runs, 1 hit, 0 errors, 1 left on base; Williamsport 0 - Rome 0 |
TOP OF THE 3RD |
Williamsport Crosscutters batting - Pitching for Rome Braves : LHP Jake Warwick
|
Batting: RHB Nick Cottrell
|
0-0: Ball 1-0: Foul Ball, location: 2F 1-1: Ground out 5-3 (Groundball, 56S, EV 80.0 MPH)
|
Batting: RHB Leon Edwards
|
0-0: Called Strike 0-1: Swinging Strike 0-2: Foul Ball, location: 2F 0-2: Strikes out swinging
|
Batting: SHB Nick Chandler
|
0-0: Ball 1-0: Swinging Strike 1-1: Foul Ball, location: 2F 1-2: Strikes out swinging
|
Top of the 3rd over - 0 runs, 0 hits, 0 errors, 0 left on base; Williamsport 0 - Rome 0 |
BOTTOM OF THE 3RD |
Rome Braves batting - Pitching for Williamsport Crosscutters : RHP Carlos Palacios
|
Batting: LHB Jason Herr
|
0-0: Fly out, F7 (Flyball, 78D, EV 75.6 MPH)
|
Batting: RHB Tetsuro Sato
|
0-0: Swinging Strike 0-1: Ball 1-1: Foul Ball, location: 2F 1-2: Ball 2-2: Foul Ball, location: 2F 2-2: Strikes out looking
|
Batting: RHB Costantino Dolfini
|
0-0: Swinging Strike 0-1: Foul Ball, location: 2F 0-2: SINGLE (Line Drive, 78S, EV 103.1 MPH)
|
Batting: RHB Tony Cabrera
|
0-0: Ball Costantino Dolfini steals 2nd base 1-0: Ball 2-0: Fly out, F9 (Flyball, 9LM, EV 88.1 MPH)
|
Bottom of the 3rd over - 0 runs, 1 hit, 0 errors, 1 left on base; Williamsport 0 - Rome 0 |
TOP OF THE 4TH |
Williamsport Crosscutters batting - Pitching for Rome Braves : LHP Jake Warwick
|
Batting: RHB Jason Ostrom
|
0-0: Called Strike 0-1: Ball 1-1: Foul Ball, location: 2F 1-2: Ball 2-2: Ball 3-2: Ground out 4-3 (Groundball, 4, EV 86.2 MPH)
|
Batting: RHB Xavier Castellanos
|
0-0: Ball 1-0: Ball 2-0: Called Strike 2-1: Ball 3-1: Base on Balls
|
Batting: RHB John Manocchio
|
0-0: Ball Xavier Castellanos steals 2nd base 1-0: Ball 2-0: Foul Ball, location: 2F 2-1: Called Strike 2-2: Strikes out swinging
|
Batting: RHB Shintaro Katsumata
|
0-0: Ball 1-0: DOUBLE (Line Drive, 78XD, EV 101.2 MPH) Xavier Castellanos scores
|
Batting: RHB Pete Deschamps
|
0-0: Ball 1-0: Swinging Strike 1-1: Swinging Strike 1-2: Strikes out swinging
|
Top of the 4th over - 1 run, 1 hit, 0 errors, 1 left on base; Williamsport 1 - Rome 0 |
BOTTOM OF THE 4TH |
Rome Braves batting - Pitching for Williamsport Crosscutters : RHP Carlos Palacios
|
Batting: LHB Ricardo Sandoval
|
0-0: Ball 1-0: Ball 2-0: Called Strike 2-1: Swinging Strike 2-2: Foul Ball, location: 2F 2-2: Foul Ball, location: 2F 2-2: Strikes out swinging
|
Batting: LHB Tamaichi Sasada
|
0-0: Ball 1-0: Ball 2-0: SINGLE (Line Drive, 56D, EV 98.8 MPH)
|
Batting: RHB Manny Hensley
|
0-0: Ball 1-0: Ball 2-0: Foul Ball, location: 2F 2-1: Foul Ball, location: 2F 2-2: Ball 3-2: Fielders Choice at 2nd, 3-6 (Groundball, 34S, EV 80.6 MPH)
|
Batting: RHB Dave Pizarro
|
0-0: Called Strike 0-1: SINGLE (Groundball, 25, EV 70.6 MPH) (infield hit) Manny Hensley to second
|
Batting: RHB Yutaka Yamane
|
0-0: Ground out U3 (Groundball, 34S, EV 78.8 MPH)
|
Bottom of the 4th over - 0 runs, 2 hits, 0 errors, 2 left on base; Williamsport 1 - Rome 0 |
TOP OF THE 5TH |
Williamsport Crosscutters batting - Pitching for Rome Braves : LHP Jake Warwick
|
Batting: LHB Chris Moody
|
0-0: Ball 1-0: Ball 2-0: Called Strike 2-1: Called Strike 2-2: Ball 3-2: Base on Balls
|
Batting: RHB Nick Cottrell
|
0-0: Called Strike 0-1: Called Strike 0-2: Foul Ball, location: 2F 0-2: Foul Ball, location: 2F 0-2: Ball 1-2: Ball 2-2: Ball 3-2: Base on Balls Chris Moody to second
|
Batting: RHB Leon Edwards
|
0-0: Foul Ball, location: 2F 0-1: Ball Wild Pitch! Chris Moody to third Nick Cottrell to second 1-1: Swinging Strike 1-2: Strikes out swinging
|
Batting: SHB Nick Chandler
|
0-0: Foul Ball, location: 2F 0-1: Foul Ball, location: 2F 0-2: Ball 1-2: 3-RUN HOME RUN (Flyball, 9LD, EV 93.8 MPH), Distance : 347 ft
|
Batting: RHB Jason Ostrom
|
0-0: Foul Ball, location: 2F 0-1: Ball 1-1: Ball 2-1: Ball 3-1: Base on Balls
|
Batting: RHB Xavier Castellanos
|
0-0: Ball 1-0: Called Strike Jason Ostrom steals 2nd base (no throw) 1-1: Foul Ball, location: 2F 1-2: Ball 2-2: Strikes out swinging
|
Batting: RHB John Manocchio
|
0-0: Ball 1-0: Ball 2-0: Ball 3-0: Called Strike 3-1: Foul Ball, location: 2F 3-2: Strikes out looking
|
Top of the 5th over - 3 runs, 1 hit, 0 errors, 1 left on base; Williamsport 4 - Rome 0 |
BOTTOM OF THE 5TH |
Rome Braves batting - Pitching for Williamsport Crosscutters : RHP Carlos Palacios
|
Batting: LHB Jason Herr
|
0-0: Ball 1-0: Foul Ball, location: 2F 1-1: Ball 2-1: Foul Ball, location: 2F 2-2: Foul Ball, location: 2F 2-2: Strikes out swinging
|
Batting: RHB Tetsuro Sato
|
0-0: Swinging Strike 0-1: Foul Ball, location: 2F 0-2: Ground out 6-3 (Groundball, 6, EV 100.6 MPH)
|
Batting: RHB Costantino Dolfini
|
0-0: Ball 1-0: Called Strike 1-1: Swinging Strike 1-2: Ball 2-2: Strikes out looking
|
Bottom of the 5th over - 0 runs, 0 hits, 0 errors, 0 left on base; Williamsport 4 - Rome 0 |
TOP OF THE 6TH |
Williamsport Crosscutters batting - Pitching for Rome Braves : LHP Jake Warwick
|
Pitching: RHP Bobby Feig
|
|
Batting: RHB Shintaro Katsumata
|
0-0: Called Strike 0-1: Foul Ball, location: 2F 0-2: Ball 1-2: Strikes out looking
|
Batting: RHB Pete Deschamps
|
0-0: Called Strike 0-1: Foul Ball, location: 2F 0-2: Ball 1-2: Ground out 5-3 (Groundball, 5S, EV 89.4 MPH)
|
Batting: LHB Chris Moody
|
0-0: Called Strike 0-1: Ball 1-1: Ball 2-1: Ground out U3 (Groundball, 3L, EV 81.2 MPH)
|
Top of the 6th over - 0 runs, 0 hits, 0 errors, 0 left on base; Williamsport 4 - Rome 0 |
BOTTOM OF THE 6TH |
Rome Braves batting - Pitching for Williamsport Crosscutters : RHP Carlos Palacios
|
Batting: RHB Tony Cabrera
|
0-0: Swinging Strike 0-1: Swinging Strike 0-2: Ball 1-2: Ball 2-2: Foul Ball, location: 2F 2-2: TRIPLE (Flyball, 8LXD, EV 108.8 MPH)
|
Batting: LHB Ricardo Sandoval
|
0-0: Called Strike 0-1: DOUBLE (Line Drive, 78M, EV 108.8 MPH) Tony Cabrera scores
|
Batting: LHB Tamaichi Sasada
|
0-0: Ball 1-0: Called Strike 1-1: Single, Error in OF, E8, batter to second base (Groundball, 4MD, EV 105.0 MPH) Ricardo Sandoval scores
|
Batting: RHB Manny Hensley
|
0-0: Foul Ball, location: 2F 0-1: Called Strike 0-2: Strikes out swinging
|
Batting: RHB Dave Pizarro
|
0-0: Ball 1-0: Swinging Strike 1-1: Foul Ball, location: 2F 1-2: Ball 2-2: Foul Ball, location: 2F 2-2: Ball 3-2: Base on Balls
|
Batting: RHB Yutaka Yamane
|
0-0: Called Strike 0-1: Swinging Strike 0-2: Ball 1-2: Ball 2-2: Strikes out swinging
|
Batting: LHB Jason Herr
|
0-0: Called Strike 0-1: Called Strike 0-2: Strikes out looking
|
Bottom of the 6th over - 2 runs, 3 hits, 1 error, 2 left on base; Williamsport 4 - Rome 2 |
TOP OF THE 7TH |
Williamsport Crosscutters batting - Pitching for Rome Braves : RHP Bobby Feig
|
Batting: RHB Nick Cottrell
|
0-0: Called Strike 0-1: Ball 1-1: Ball 2-1: Ball 3-1: Ground out 4-3 (Groundball, 4, EV 85.0 MPH)
|
Batting: RHB Leon Edwards
|
0-0: Called Strike 0-1: Swinging Strike 0-2: Ball 1-2: Strikes out swinging
|
Batting: SHB Nick Chandler
|
0-0: Ball 1-0: Fly out, F5 (Popup, 56, EV 69.4 MPH)
|
Top of the 7th over - 0 runs, 0 hits, 0 errors, 0 left on base; Williamsport 4 - Rome 2 |
BOTTOM OF THE 7TH |
Rome Braves batting - Pitching for Williamsport Crosscutters : RHP Carlos Palacios
|
Batting: RHB Tetsuro Sato
|
0-0: Ball 1-0: Swinging Strike 1-1: Ball 2-1: Foul Ball, location: 2F 2-2: Strikes out swinging
|
Pitching: RHP Si-dao Xia
|
|
Batting: RHB Costantino Dolfini
|
0-0: Ball 1-0: Swinging Strike 1-1: Foul Ball, location: 2F 1-2: Strikes out looking
|
Batting: RHB Tony Cabrera
|
0-0: SINGLE (Groundball, 6M, EV 106.2 MPH) (infield hit)
|
Batting: LHB Ricardo Sandoval
|
0-0: Ball Tony Cabrera steals 2nd base 1-0: Swinging Strike 1-1: Ball 2-1: Ball 3-1: Ground out 4-3 (Groundball, 4, EV 100.6 MPH)
|
Bottom of the 7th over - 0 runs, 1 hit, 0 errors, 1 left on base; Williamsport 4 - Rome 2 |
TOP OF THE 8TH |
Williamsport Crosscutters batting - Pitching for Rome Braves : RHP Bobby Feig
|
Batting: RHB Jason Ostrom
|
0-0: Foul Ball, location: 2F 0-1: Foul Ball, location: 2F 0-2: Ball 1-2: Ball 2-2: Strikes out swinging
|
Batting: RHB Xavier Castellanos
|
0-0: Ball 1-0: Fly out, F9 (Flyball, 9LD, EV 93.1 MPH)
|
Batting: RHB John Manocchio
|
0-0: Ball 1-0: Swinging Strike 1-1: Swinging Strike 1-2: Ball 2-2: Strikes out swinging
|
Top of the 8th over - 0 runs, 0 hits, 0 errors, 0 left on base; Williamsport 4 - Rome 2 |
BOTTOM OF THE 8TH |
Rome Braves batting - Pitching for Williamsport Crosscutters : RHP Si-dao Xia
|
Batting: LHB Tamaichi Sasada
|
0-0: Ball 1-0: Ball 2-0: Ball 3-0: Base on Balls
|
Batting: RHB Manny Hensley
|
0-0: SINGLE (Groundball, 6MD, EV 100.0 MPH) Tamaichi Sasada to second
|
Pitching: LHP Juan Ramirez
|
|
Batting: RHB Dave Pizarro
|
0-0: Bunt missed! 0-1: Bunt - Flyout to 23! F3
|
Batting: RHB Yutaka Yamane
|
0-0: Ball 1-0: Called Strike 1-1: Called Strike 1-2: Ball 2-2: Foul Ball, location: 2F 2-2: Ball 3-2: Strikes out swinging
|
Batting: LHB Jason Herr
|
0-0: Called Strike 0-1: Swinging Strike 0-2: Foul Ball, location: 2F 0-2: Ball 1-2: Strikes out looking
|
Bottom of the 8th over - 0 runs, 1 hit, 0 errors, 2 left on base; Williamsport 4 - Rome 2 |
TOP OF THE 9TH |
Williamsport Crosscutters batting - Pitching for Rome Braves : RHP Bobby Feig
|
Pitching: RHP Walt Bunney
|
|
Batting: RHB Shintaro Katsumata
|
0-0: Ball 1-0: Ball 2-0: Foul Ball, location: 2F 2-1: Ball 3-1: Called Strike 3-2: Foul Ball, location: 2F 3-2: Foul Ball, location: 2F 3-2: Foul Ball, location: 2F 3-2: Base on Balls
|
Batting: RHB Pete Deschamps
|
0-0: Ball Shintaro Katsumata steals 2nd base 1-0: Ball 2-0: Called Strike 2-1: Ball 3-1: Called Strike 3-2: Foul Ball, location: 2F 3-2: Ground out 6-3 (Groundball, 6, EV 105.0 MPH)
|
Batting: LHB Chris Moody
|
0-0: Intentional Walk
|
Batting: RHB Nick Cottrell
|
0-0: Ball 1-0: Called Strike Shintaro Katsumata steals 3rd base Chris Moody to second 1-1: Ground out 3-1 (Groundball, 34, EV 107.5 MPH) Shintaro Katsumata scores Chris Moody to third
|
Batting: RHB Leon Edwards
|
0-0: Foul Ball, location: 2F 0-1: Ball 1-1: Foul Ball, location: 2F 1-2: Foul Ball, location: 2F 1-2: Strikes out swinging
|
Top of the 9th over - 1 run, 0 hits, 0 errors, 1 left on base; Williamsport 5 - Rome 2 |
BOTTOM OF THE 9TH |
Rome Braves batting - Pitching for Williamsport Crosscutters : LHP Juan Ramirez
|
Pitching: RHP Mike Schoening
|
|
Batting: RHB Tetsuro Sato
|
0-0: Ground out 6-3 (Groundball, 6, EV 85.0 MPH)
|
Batting: RHB Costantino Dolfini
|
0-0: DOUBLE (Flyball, 8RXD, EV 101.2 MPH) - OUT at third base trying to stretch hit.
|
Batting: RHB Tony Cabrera
|
0-0: Ground out 6-3 (Groundball, 6, EV 86.9 MPH)
|
Bottom of the 9th over - 0 runs, 1 hit, 0 errors, 0 left on base; Williamsport 5 - Rome 2 |
|